 Dungeon Crawl Stone Soup version 0.20-a0-910-gb611367 (webtiles) character file.

319 graki42 the Firebug (level 6, -11/32 HPs)
             Began as a Deep Elf Fire Elementalist on Mar 24, 2017.
             Killed by divine providence
             ... invoked by an orc priest
              (14 damage)
             ... on level 4 of the Dungeon.
             The game lasted 00:09:29 (3079 turns).

graki42 the Firebug (Deep Elf Fire Elementalist)    Turns: 3079, Time: 00:09:30

Health: -11/32     AC:  4    Str:  7    XL:     6   Next: 21%
Magic:  6/15       EV: 13    Int: 20    God:
Gold:   92         SH:  0    Dex: 15    Spells: 4/15 levels left

rFire    . . .     SeeInvis .   m - +1 dagger (venom)
rCold    . . .     Gourm    .   a - +0 robe
rNeg     . . .     Faith    .   (no shield)
rPois    .         Spirit   .   (no helmet)
rElec    .         Reflect  .   (no cloak)
rCorr    .         Harm     .   t - +0 pair of gloves
MR       .....                  (no boots)
Stlth    ++........             (no amulet)
Regen    0.1/turn               (no ring)
MPRegen  0.2/turn               r - +1 ring of protection

@: very slightly contaminated
A: no striking features
a: no special abilities


You were on level 4 of the Dungeon.
You were very hungry.

You visited 1 branch of the dungeon, and saw 4 of its levels.

You collected 92 gold pieces.

Inventory:

Hand Weapons
 m - a +1 dagger of venom (weapon)
Armour
 a - a +0 robe (worn)
 t - a +0 pair of gloves (worn)
Jewellery
 r - a +1 ring of protection (left hand)
 s - a cursed amulet of inaccuracy {unknown}
 v - an uncursed ring of protection from cold {unknown}
Scrolls
 d - 3 scrolls of fog {unknown}
 f - 5 scrolls of teleportation {unknown}
 g - a scroll of fear {unknown}
 i - 2 scrolls of remove curse {unknown}
 j - a scroll of noise {unknown}
 l - 3 scrolls of identify {unknown}
 u - a scroll of immolation {unknown}
Potions
 e - 3 potions of curing
 h - a potion of agility {unknown}
 k - a potion of brilliance
 n - a potion of mutation {unknown}
 p - a potion of haste {unknown}
 q - 3 potions of heal wounds {unknown}
Books
 b - a book of Flames

   Spells                             Type                      Level
   a - Flame Tongue                   Conjuration/Fire             1
   b - Throw Flame                    Conjuration/Fire             2
   c - Conjure Flame                  Conjuration/Fire             3
   d - Inner Flame                    Hexes/Fire                   3
   e - Sticky Flame                   Conjuration/Fire             4
   f - Fireball                       Conjuration/Fire             5
Comestibles
 c - 2 bread rations
 o - 2 royal jellies


   Skills:
 + Level 2.8 Dodging
 + Level 2.9 Stealth
 + Level 0.1 Unarmed Combat
 + Level 5.3 Spellcasting
 + Level 3.3 Conjurations
 + Level 0.6 Hexes
 + Level 5.4 Fire Magic


You had 4 spell levels left.
You knew the following spells:

 Your Spells              Type           Power        Failure   Level  Hunger
a - Flame Tongue          Conj/Fire      ###..        1%          1    None
b - Conjure Flame         Conj/Fire      ###.....     8%          3    ##.....
c - Inner Flame           Hex/Fire       ###.....     12%         3    ##.....
d - Sticky Flame          Conj/Fire      ###.....     21%         4    ####...


Dungeon Overview and Level Annotations

Branches:
Dungeon (4/15)
 Temple: D:4-7

Altars:


Message History

Aiming: Inner Flame
Press: ? - help, Shift-Dir - straight line, f/p - orc
Aim: an orc, wielding a short sword (chance to defeat MR: 85%)
The orc is filled with an inner flame.
The orc wizard shouts!
The ogre shouts!
Casting: Inner Flame
Confirm with . or Enter, or press ? or * to list all spells.
Aiming: Flame Tongue
Press: ? - help, Shift-Dir - straight line, f/p - orc
Aim: an orc, wielding a short sword (inner flame)
The flame tongue hits the orc.
The orc explodes!
The fiery explosion engulfs the hobgoblin.
You kill the hobgoblin!
The orc wizard gestures wildly while chanting.
The orc wizard flickers and vanishes!
Deactivating autopickup; reactivate with Ctrl-A.
The orc priest invokes the aid of Beogh against you.
Beogh smites you!
You die...

###### #############
...:..#####...........#
...o§§§.......#######.#
...o§)§.@)..#.# #.#
...O§§#######.# #.#
...{. #.# #.# #... #.#
#.# ..o #.. #.# .. ###
#.# . # #.### .# #....
.. ####.


You could see an ogre, an orc priest and an orc.

Vanquished Creatures
  An orc priest (D:3)
  An orc wizard (D:4)
  An iguana (D:4)
  Natasha (twice) (D:2)
  4 gnolls (D:2)
  6 adders
  3 oozes
  A worm (D:2)
  3 dart slugs
  3 leopard geckos
  7 orcs
  A ball python (D:1)
  2 giant cockroaches
  4 goblins
  7 hobgoblins
  2 jackals (D:1)
  A quokka (D:1)
  3 bats
  3 frilled lizards
  13 kobolds
  10 rats
78 creatures vanquished.

Vanquished Creatures (others)
  A kobold (D:1)
  A rat (D:1)
2 creatures vanquished.

Grand Total: 80 creatures vanquished

Notes
Turn   | Place    | Note
-------+----------+-------------------------------------------
     0 | D:1      | graki42 the Deep Elf Fire Elementalist began the quest for the Orb.
     0 | D:1      | Reached XP level 1. HP: 10/10 MP: 6/6
   117 | D:1      | Reached XP level 2. HP: 15/15 MP: 5/8
   523 | D:1      | Reached XP level 3. HP: 19/19 MP: 7/10
   528 | D:1      | Learned a level 3 spell: Conjure Flame
   532 | D:1      | Learned a level 3 spell: Inner Flame
  1080 | D:2      | Reached XP level 4. HP: 24/24 MP: 0/12
  1397 | D:2      | Noticed Natasha
  1404 | D:2      | Killed Natasha
  1404 | D:2      | Reached XP level 5. HP: 25/28 MP: 5/13
  1602 | D:2      | Noticed Natasha
  1610 | D:2      | Killed Natasha
  2020 | D:3      | Learned a level 4 spell: Sticky Flame
  2045 | D:3      | Reached skill level 5 in Spellcasting
  2047 | D:3      | HP: 1/28 [orc (5)]
  2651 | D:3      | Reached skill level 5 in Fire Magic
  2904 | D:4      | Reached XP level 6. HP: 18/32 MP: 15/15
  3079 | D:4      | Killed from afar by an orc priest

Vault maps used:
D:1:      ncdulo_lavacross, chequers_big_river, lemuel_old_faithful
D:2:      grunt_ministairs_9, uniq_natasha
D:3:      first_bread, corexii_shack
D:4:      yredelemnul_forgotten_temple_becter, serial_shops,
          nicolae_shop_crystal, st_stairs_13

Skill      XL: |  1  2  3  4  5 |
---------------+----------------+-----
Fire Magic     | 4 5 |  5.4
Spellcasting   | 4 5 |  5.3
Conjurations   | 2 3 |  3.3
Dodging        | |  2.8
Stealth        | |  2.9
Unarmed Combat | |  0.1
Hexes          | |  0.6

Action                   |  1- 3 |  4- 6 || total
-------------------------+-------+-------++-------
Melee: Unarmed           |     8 |       ||     8
       Dagger            |       |    10 ||    10
 Cast: Flame Tongue      |    51 |    77 ||   128
       Inner Flame       |     1 |     4 ||     5
       Conjure Flame     |     1 |     2 ||     3
  Use: Potion            |       |     2 ||     2
 Stab: Sleeping          |       |     1 ||     1
  Eat: Chunk             |       |     6 ||     6
Armor: Robe              |     5 |     3 ||     8
Dodge: Dodged            |    10 |    28 ||    38
